AoeStats
← Mr. Penis

Arena

507690303Analyzed
4v4 RM · 12d ago on Sep 19, 2026· 39m 55s· 8 players
Game mode
Random Map
Map size
Large (8 player)
Population
200
Speed
Normal
Resources
Standard
Victory
Conquest
Starting age
Dark Age
Ending age
Imperial Age
RankedLock teamsTeams togetherTeam positionsShared explorationLock speedFull tech treeHidden civsTurbo modeCheats
Victory
Defeat
🇹🇼 Hindustanis · Taiwan
1405
+12
🇹🇼 Bengalis · Taiwan
1365
+13
🇨🇳 Franks · China
1210
+20
🇭🇰 Britons · Hong Kong SAR China
1189
+20
🇹🇷 Britons · Türkiye
1364
-19
🇨🇳 Italians · China
1308
-17
🇮🇳 Mongols · India
1275
-15
🇷🇺 Jurchens · Russia
1254
-14
Hyderabad (Ind)
5:20 Loom
11:47 Feudal Age
15:56 Castle Age
13:45 Horse Collar
14:12 Double-Bit Axe
15:11 Stone Mining
18:28 Gold Mining
20:46 Fervor
23:24 Wheelbarrow
26:35 Fletching
26:46 Padded Archer Armor
27:14 Forging
27:38 Ballistics
27:38 Bodkin Arrow
28:28 Hand Cart
28:48 Leather Archer Armor
29:40 Iron Casting
29:11 Scale Barding Armor
29:44 Husbandry
29:58 Bloodlines
30:24 Masonry
30:05 Town Watch
32:53 Chain Barding Armor
33:07 Thumb Ring
35:41 Imperial Age
34:40 Murder Holes
34:55 Fortified Wall
36:48 Conscription
37:05 Hoardings
37:41 Chemistry
36:43 Bracer
37:52 Blast Furnace
36:24 Capped Ram
37:18 Elite Mangudai
BoBa
10:13 Feudal Age
15:46 Castle Age
14:23 Double-Bit Axe
15:12 Gold Mining
17:18 Fletching
17:51 Horse Collar
18:41 Loom
27:08 Imperial Age
25:18 Bow Saw
27:33 Wheelbarrow
26:44 Town Watch
27:35 Bodkin Arrow
28:35 Ballistics
30:46 Bracer
32:27 Fortified Wall
33:40 Padded Archer Armor
35:15 Gold Shaft Mining
34:31 Stone Mining
34:58 Pikeman
36:45 Scale Mail Armor
The Long Dark
10:03 Feudal Age
12:07 Double-Bit Axe
14:51 Castle Age
12:52 Stone Mining
13:33 Horse Collar
16:11 Bow Saw
27:01 Imperial Age
25:48 Wheelbarrow
25:23 Gold Mining
26:29 Stone Shaft Mining
26:24 Fletching
26:19 Treadmill Crane
26:59 Ballistics
27:17 Town Watch
27:34 Bodkin Arrow
27:39 Padded Archer Armor
29:00 Chemistry
29:24 Two-Man Saw
29:00 Conscription
29:41 Hand Cart
29:12 Loom
29:58 Leather Archer Armor
31:02 Bracer
31:45 Ring Archer Armor
33:06 Forging
33:01 Scale Barding Armor
33:59 Thumb Ring
35:41 Light Cavalry
36:31 Bloodlines
36:21 Husbandry
38:28 Iron Casting
38:13 Chain Barding Armor
40:18 Blast Furnace
Mr. Penis
11:24 Feudal Age
15:20 Castle Age
13:19 Double-Bit Axe
13:35 Horse Collar
17:22 Bow Saw
19:44 Fervor
20:17 Wheelbarrow
23:44 Heavy Plow
23:39 Gold Mining
25:27 Stone Mining
26:12 Gold Shaft Mining
29:05 Stone Shaft Mining
28:35 Loom
29:05 Hand Cart
28:36 Town Watch
29:29 Fletching
30:27 Bloodlines
30:17 Husbandry
36:04 Fortified Wall
35:35 Treadmill Crane
36:05 Masonry
weber
10:29 Feudal Age
14:27 Castle Age
12:36 Double-Bit Axe
12:43 Horse Collar
16:39 Bow Saw
18:48 Heavy Plow
20:45 Gold Mining
22:27 Stone Mining
26:11 Imperial Age
23:29 Loom
24:54 Wheelbarrow
24:07 Town Watch
25:09 Forging
25:05 Scale Barding Armor
26:04 Bloodlines
25:55 Husbandry
26:42 Stone Shaft Mining
26:45 Gold Shaft Mining
27:18 Iron Casting
27:27 Chain Barding Armor
27:51 Heavy Camel Rider
29:45 Blast Furnace
30:04 Chemistry
30:03 Conscription
30:46 Plate Barding Armor
31:00 Hand Cart
30:19 Imperial Camel Rider
33:56 Ballistics
34:08 Scale Mail Armor
34:58 Grand Trunk Road
36:37 Chain Mail Armor
36:53 Caravan
jason613480918
9:26 Loom
11:37 Feudal Age
15:51 Castle Age
13:43 Double-Bit Axe
14:06 Horse Collar
17:33 Bow Saw
18:48 Fletching
22:50 Wheelbarrow
23:27 Padded Archer Armor
24:55 Bodkin Arrow
26:13 Leather Archer Armor
31:20 Imperial Age
29:34 Hand Cart
30:03 Gold Mining
30:04 Stone Mining
31:20 Gold Shaft Mining
32:17 Ballistics
32:13 Heavy Plow
32:22 Bracer
34:12 Chemistry
34:28 Elite Elephant Archer
36:58 Ring Archer Armor
38:03 Conscription
38:04 Paiks
白桃桃
10:11 Feudal Age
10:56 Double-Bit Axe
16:16 Castle Age
18:11 Bow Saw
20:28 Wheelbarrow
21:13 Gold Mining
23:03 Hand Cart
22:34 Town Watch
23:01 Forging
22:39 Loom
25:10 Iron Casting
24:36 Stone Mining
25:28 Scale Barding Armor
26:07 Husbandry
30:55 Imperial Age
30:55 Chain Barding Armor
32:40 Chemistry
31:10 Cavalier
32:39 Siege Engineers
33:41 Blast Furnace
33:16 Plate Barding Armor
34:22 Ballistics
33:32 Paladin
34:58 Chivalry
35:19 Conscription
37:22 Fletching
EBE_3
9:51 Feudal Age
11:10 Double-Bit Axe
11:33 Horse Collar
11:43 Horse Collar
14:09 Castle Age
15:09 Bow Saw
15:00 Heavy Plow
23:02 Fletching
26:36 Bodkin Arrow
27:23 Padded Archer Armor
30:57 Imperial Age
28:14 Loom
31:06 Ballistics
32:30 Conscription
33:28 Chemistry
33:10 Leather Archer Armor
33:49 Bracer
34:24 Ring Archer Armor
34:54 Wheelbarrow
34:04 Town Watch
34:21 Elite Skirmisher
34:48 Crossbowman
36:08 Treadmill Crane
36:32 Arbalester
38:18 Conscription
39:38 Two-Man Saw
38:45 Gold Mining
38:45 Stone Mining
39:13 Hand Cart
38:58 Town Patrol
39:29 Yeomen
39:49 Murder Holes
40:00 Siege Engineers
40:05 Masonry
40:54 Gold Shaft Mining
Connection lost

Rejoining the realm…

Still unreachable

The connection could not be restored.

Session expired

The server has moved on; the page needs a fresh start.